[ AOE2 MATCH · #513733002 ]
UnrankedRomans vs Turks
Player's team · WIN
Rival team · LOSS
[ REPLAY ANALYSIS · EXTRACTED FROM THE RECORDED GAME ]
Feudal
9:39
Castle
22:43
Imperial
—
| APM avg | 48.7 |
| APM peak | 112 |
| eAPM avg | 22.2 |
| Villagers / military | 53 / 30 |
Focus
⚔️ 27.1% · 🌾 72.9%
Militia ×21 · Battering Ram ×4 · Skirmisher ×3 · Archer ×2
Feudal
12:59
Castle
22:17
Imperial
—
| APM avg | 44.1 |
| APM peak | 80 |
| eAPM avg | 21.5 |
| Villagers / military | 47 / 4 |
Focus
⚔️ 18.3% · 🌾 81.7%
Militia ×4
Match map
Initial resources + every placement click. Lines = walls · curves = elevation contours. ◆ gold · ⬟ stone · ● berries · ✦ relic · ◌ wall gap
Your base· ✓ Closed at 22:43 · 39t walls · 2 gate(s)
dreameR!'s base· Open — 10t gap
Smoothed initial terrain · ◌ = detected wall gap · hover for details
Inputs per minute
— David_77 - - dreameR!
Build order — David_77
First 150 of 155 actions detected
| 0:01 | Queue | Villager (Male) |
| 0:01 | Queue | Villager (Male) |
| 0:02 | Queue | Villager (Male) |
| 0:02 | Queue | Villager (Male) |
| 0:04 | Build | House |
| 0:06 | Build | House |
| 0:13 | Build | House |
| 1:28 | Queue | Villager (Male) |
| 1:28 | Queue | Villager (Male) |
| 1:28 | Queue | Villager (Male) |
| 1:55 | Build | Lumber Camp |
| 1:57 | Queue | Villager (Male) |
| 1:57 | Queue | Villager (Male) |
| 1:58 | Queue | Villager (Male) |
| 2:27 | Queue | Villager (Male) |
| 2:27 | Queue | Villager (Male) |
| 2:28 | Queue | Villager (Male) |
| 2:46 | Queue | Villager (Male) |
| 2:46 | Queue | Villager (Male) |
| 2:46 | Queue | Villager (Male) |
| 2:58 | Queue | Villager (Male) |
| 2:59 | Queue | Villager (Male) |
| 2:59 | Queue | Villager (Male) |
| 3:50 | Queue | Villager (Male) |
| 3:50 | Queue | Villager (Male) |
| 3:51 | Queue | Villager (Male) |
| 3:51 | Queue | Villager (Male) |
| 3:51 | Queue | Villager (Male) |
| 3:51 | Queue | Villager (Male) |
| 4:01 | Build | House |
| 4:02 | Build | House |
| 4:51 | Queue | Villager (Male) |
| 4:51 | Queue | Villager (Male) |
| 4:56 | Queue | Villager (Male) |
| 4:57 | Queue | Villager (Male) |
| 5:04 | Queue | Villager (Male) |
| 5:04 | Queue | Villager (Male) |
| 5:36 | Build | Mill |
| 6:16 | Build | Barracks |
| 6:27 | Queue | Villager (Male) |
| 6:39 | Research | Loom |
| 7:05 | Build | Mining Camp |
| 7:29 | Research | Feudal Age |
| 7:34 | Build | House |
| 7:46 | Queue | Militia |
| 7:46 | Queue | Militia |
| 7:46 | Queue | Militia |
| 7:54 | Build | Palisade Wall |
| 8:10 | Queue | Militia |
| 8:21 | Queue | Militia |
| 8:21 | Queue | Militia |
| 8:32 | Queue | Militia |
| 9:04 | Queue | Militia |
| 9:16 | Build | Palisade Gate |
| 9:39 | Age | Feudal Age |
| 9:43 | Research | Man-at-Arms (upgrade) |
| 9:53 | Queue | Villager (Male) |
| 9:56 | Build | Blacksmith |
| 10:05 | Build | Mill |
| 10:12 | Build | Blacksmith |
| 10:16 | Queue | Villager (Male) |
| 10:20 | Build | Farm |
| 10:25 | Build | House |
| 10:33 | Queue | Villager (Male) |
| 10:47 | Build | Farm |
| 10:56 | Research | Scale Mail Armor |
| 11:00 | Build | Farm |
| 11:07 | Build | Palisade Wall |
| 11:24 | Queue | Villager (Male) |
| 11:29 | Build | House |
| 11:40 | Queue | Villager (Male) |
| 11:43 | Build | House |
| 12:05 | Queue | Militia |
| 12:08 | Queue | Villager (Male) |
| 12:25 | Queue | Villager (Male) |
| 12:26 | Queue | Militia |
| 12:36 | Build | House |
| 12:39 | Build | Farm |
| 12:43 | Build | Farm |
| 12:46 | Build | House |
| 12:53 | Queue | Militia |
| 12:56 | Build | House |
| 12:59 | Build | Palisade Wall |
| 13:22 | Queue | Villager (Male) |
| 13:40 | Queue | Villager (Male) |
| 13:42 | Build | Palisade Wall |
| 13:56 | Build | Farm |
| 14:01 | Research | Double-Bit Axe |
| 14:09 | Build | Farm |
| 14:30 | Queue | Villager (Male) |
| 14:39 | Build | Palisade Gate |
| 14:45 | Queue | Villager (Male) |
| 15:01 | Build | Palisade Wall |
| 15:08 | Queue | Militia |
| 15:18 | Queue | Villager (Male) |
| 15:25 | Build | Farm |
| 15:28 | Build | Farm |
| 15:31 | Build | Farm |
| 15:34 | Queue | Militia |
| 15:36 | Build | Farm |
| 15:41 | Build | Farm |
| 15:46 | Build | Archery Range |
| 15:49 | Queue | Villager (Male) |
| 15:51 | Build | House |
| 15:53 | Build | House |
| 16:04 | Build | Palisade Wall |
| 16:05 | Queue | Villager (Male) |
| 16:10 | Build | Farm |
| 16:18 | Queue | Villager (Male) |
| 16:34 | Build | Palisade Wall |
| 16:36 | Build | Farm |
| 16:55 | Queue | Skirmisher |
| 16:56 | Queue | Skirmisher |
| 16:58 | Queue | Villager (Male) |
| 17:00 | Build | Farm |
| 17:02 | Build | Farm |
| 17:14 | Build | Watch Tower |
| 17:16 | Queue | Militia |
| 17:17 | Queue | Villager (Male) |
| 17:21 | Build | Farm |
| 17:36 | Queue | Archer |
| 17:38 | Queue | Villager (Male) |
| 17:43 | Build | Farm |
| 18:22 | Queue | Villager (Male) |
| 18:33 | Queue | Villager (Male) |
| 18:35 | Build | Farm |
| 18:36 | Build | Farm |
| 18:37 | Queue | Militia |
| 19:02 | Queue | Villager (Male) |
| 19:17 | Build | Farm |
| 19:21 | Build | House |
| 19:38 | Research | Town Watch |
| 19:47 | Queue | Archer |
| 19:49 | Research | Castle Age |
| 20:04 | Build | Barracks |
| 20:22 | Research | Forging |
| 20:24 | Build | Farm |
| 20:37 | Queue | Skirmisher |
| 21:14 | Research | Horse Collar |
| 21:17 | Queue | Militia |
| 21:18 | Queue | Militia |
| 21:27 | Queue | Militia |
| 21:29 | Queue | Militia |
| 21:33 | Build | Farm |
| 22:02 | Build | House |
| 22:15 | Queue | Militia |
| 22:16 | Queue | Militia |
| 22:43 | Age | Castle Age |
| 22:51 | Build | Siege Workshop |
| 22:52 | Research | Long Swordsman (upgrade) |
Build order — dreameR!
105 actions detected in the replay
| 0:01 | Queue | Villager (Male) |
| 0:01 | Queue | Villager (Male) |
| 0:01 | Queue | Villager (Male) |
| 0:02 | Build | House |
| 0:05 | Build | House |
| 0:07 | Queue | Villager (Male) |
| 0:07 | Queue | Villager (Male) |
| 1:29 | Queue | Villager (Male) |
| 1:29 | Queue | Villager (Male) |
| 1:47 | Build | Lumber Camp |
| 1:57 | Queue | Villager (Male) |
| 1:57 | Queue | Villager (Male) |
| 2:13 | Queue | Villager (Male) |
| 2:14 | Queue | Villager (Male) |
| 2:46 | Queue | Villager (Male) |
| 2:46 | Queue | Villager (Male) |
| 2:55 | Research | Loom |
| 3:02 | Build | House |
| 3:06 | Queue | Villager (Male) |
| 3:06 | Queue | Villager (Male) |
| 3:32 | Queue | Villager (Male) |
| 3:52 | Queue | Villager (Male) |
| 4:44 | Build | Barracks |
| 5:08 | Queue | Villager (Male) |
| 5:08 | Queue | Villager (Male) |
| 5:08 | Queue | Villager (Male) |
| 5:08 | Queue | Villager (Male) |
| 5:38 | Build | House |
| 5:44 | Queue | Villager (Male) |
| 5:45 | Queue | Villager (Male) |
| 6:16 | Queue | Villager (Male) |
| 6:18 | Build | Mill |
| 6:29 | Build | House |
| 6:44 | Queue | Villager (Male) |
| 7:02 | Queue | Militia |
| 7:03 | Queue | Militia |
| 7:03 | Queue | Militia |
| 7:11 | Queue | Villager (Male) |
| 7:35 | Build | Mill |
| 7:52 | Queue | Militia |
| 7:54 | Queue | Villager (Male) |
| 7:54 | Queue | Villager (Male) |
| 8:10 | Build | Farm |
| 8:50 | Queue | Villager (Male) |
| 8:55 | Build | Farm |
| 9:11 | Build | Farm |
| 9:31 | Queue | Villager (Male) |
| 9:32 | Build | Farm |
| 9:38 | Build | Farm |
| 9:44 | Queue | Villager (Male) |
| 9:53 | Build | Farm |
| 9:57 | Build | Palisade Wall |
| 10:03 | Build | House |
| 10:04 | Build | Palisade Wall |
| 10:33 | Build | Mining Camp |
| 10:50 | Research | Feudal Age |
| 11:20 | Build | Palisade Wall |
| 11:23 | Build | House |
| 11:25 | Build | Palisade Wall |
| 11:26 | Build | Palisade Wall |
| 11:28 | Build | Palisade Wall |
| 11:30 | Build | Palisade Wall |
| 11:32 | Build | Palisade Wall |
| 11:50 | Build | Palisade Wall |
| 11:52 | Build | Palisade Wall |
| 12:59 | Age | Feudal Age |
| 13:03 | Build | Mining Camp |
| 13:04 | Queue | Villager (Male) |
| 13:04 | Queue | Villager (Male) |
| 13:32 | Queue | Villager (Male) |
| 13:41 | Build | Mining Camp |
| 13:52 | Build | Farm |
| 14:13 | Queue | Villager (Male) |
| 14:21 | Build | Palisade Wall |
| 14:39 | Queue | Villager (Male) |
| 14:48 | Build | Farm |
| 15:04 | Queue | Villager (Male) |
| 15:11 | Build | Farm |
| 15:15 | Build | Farm |
| 15:25 | Queue | Villager (Male) |
| 15:37 | Build | Farm |
| 15:47 | Queue | Villager (Male) |
| 16:03 | Build | Farm |
| 16:05 | Queue | Villager (Male) |
| 16:27 | Queue | Villager (Male) |
| 16:53 | Queue | Villager (Male) |
| 17:13 | Build | Market |
| 17:24 | Build | Watch Tower |
| 17:31 | Queue | Villager (Male) |
| 18:44 | Build | Lumber Camp |
| 19:01 | Queue | Villager (Male) |
| 19:10 | Build | Blacksmith |
| 19:37 | Research | Castle Age |
| 19:58 | Queue | Villager (Male) |
| 20:06 | Research | Double-Bit Axe |
| 20:07 | Research | Double-Bit Axe |
| 20:33 | Build | Farm |
| 21:08 | Build | Lumber Camp |
| 21:14 | Build | Farm |
| 22:10 | Research | Fletching |
| 22:17 | Age | Castle Age |
| 22:22 | Build | Castle |
| 22:27 | Build | Castle |
| 23:30 | Queue | Villager (Male) |
| 23:31 | Queue | Villager (Male) |
Match timeline
| 4:44 | dreameR! · first_building Barracks |
| 6:16 | David_77 · first_building Barracks |
| 7:54 | David_77 · wall_segment Palisade Wall x6 |
| 9:39 | David_77 · age_up feudal |
| 9:57 | dreameR! · wall_segment Palisade Wall x4 |
| 10:04 | dreameR! · wall_segment Palisade Wall x1 |
| 11:07 | David_77 · wall_segment Palisade Wall x4 |
| 11:20 | dreameR! · wall_segment Palisade Wall x2 |
| 11:25 | dreameR! · wall_segment Palisade Wall x2 |
| 11:26 | dreameR! · wall_segment Palisade Wall x1 |
| 11:28 | dreameR! · wall_segment Palisade Wall x1 |
| 11:30 | dreameR! · wall_segment Palisade Wall x1 |
| 11:32 | dreameR! · wall_segment Palisade Wall x1 |
| 11:50 | dreameR! · wall_segment Palisade Wall x1 |
| 11:52 | dreameR! · wall_segment Palisade Wall x1 |
| 12:59 | David_77 · wall_segment Palisade Wall x1 |
| 12:59 | dreameR! · age_up feudal |
| 13:42 | David_77 · wall_segment Palisade Wall x6 |
| 14:21 | dreameR! · wall_segment Palisade Wall x5 |
| 15:01 | David_77 · wall_segment Palisade Wall x7 |
| 15:46 | David_77 · first_building Archery Range |
| 16:04 | David_77 · wall_segment Palisade Wall x6 |
| 16:34 | David_77 · wall_segment Palisade Wall x9 |
| 19:05 | dreameR! · first_market_buy 100 wood |
| 20:51 | dreameR! · first_market_sell 100 wood |
| 22:17 | dreameR! · age_up castle |
| 22:22 | dreameR! · first_building Castle |
| 22:43 | David_77 · age_up castle |
| 22:51 | David_77 · first_building Siege Workshop |
| 23:58 | dreameR! · resign |
[ AI ANALYSIS · 1 CREDIT ]
What really happened in this match?
Wolo.gg analyzes every decision: build order, eco, micro, common mistakes by bracket. Personalized analysis on WhatsApp or Discord in 30 seconds.
Civ guide
Romans
Perfil
Jugador #5862890